 Dungeon Crawl Stone Soup version 0.23-a0-143-g1adec7b (webtiles) character file.

25015 Amnesiac the Frost Mage (level 12, -12/86 HPs)
             Began as a Mummy Ice Elementalist on Sept 4, 2018.
             Was a High Priest of Vehumet.
             Shot with a bolt by an orc warlord (30 damage)
             ... on level 2 of the Orcish Mines.
             The game lasted 00:38:01 (17592 turns).

Amnesiac the Frost Mage (Mummy Ice Elementalist)   Turns: 17592, Time: 00:38:02

Health: -12/86     AC: 10    Str: 11    XL:     12   Next: 85%
Magic:  1/35       EV: 15    Int: 18    God:    Vehumet [*****.]
Gold:   761        SH:  0    Dex: 14    Spells: 2/32 levels left

rFire    . . .     SeeInvis +   o - +2 glaive (protect)
rCold    + . .     Gourm    .   (shield currently unavailable)
rNeg     + + +     Faith    .   d - +2 robe {rF+}
rPois    ∞         Spirit   .   (no helmet)
rElec    .         Reflect  .   f - scarf {repulsion}
rCorr    .         Harm     .   l - +2 pair of gloves
MR       +....                  e - +2 pair of boots
Stlth    ++........             (no amulet)
HPRegen  0.24/turn              m - ring of see invisible
MPRegen  0.24/turn              k - ring of magical power

@: very slightly contaminated, repel missiles
A: no food or potions, fire vulnerability, cold resistance 1, negative energy
resistance 3, torment resistance, unbreathing
a: Renounce Religion


You were on level 2 of the Orcish Mines.
You worshipped Vehumet.
Vehumet was extremely pleased with you.
You were not hungry.

You visited 3 branches of the dungeon, and saw 15 of its levels.
You visited 1 bazaar.

You collected 2265 gold pieces.
You spent 1504 gold pieces at shops.

Inventory:

Hand Weapons
 o - a +2 glaive of protection (weapon)
Armour
 d - a +2 robe of fire resistance (worn)
 e - a +2 pair of boots (worn)
 f - a scarf of repulsion (worn)
 l - a +2 pair of gloves (worn)
 r - a +1 cloak of invisibility
 u - a +2 robe of magic resistance
Magical Staves
 C - an uncursed staff of wizardry
Jewellery
 a - an uncursed ring of flight
 b - a +3 ring of evasion
 k - a ring of magical power (right hand)
 m - a ring of see invisible (left hand)
Wands
 c - a wand of random effects (38)
 x - a wand of polymorph (15)
 z - a wand of flame (106)
 A - a wand of paralysis (1)
Scrolls
 g - 3 scrolls of fear {!r}
 h - 8 scrolls of identify {!r}
 i - 4 scrolls of teleportation {!r}
 j - 7 scrolls of remove curse {!r}
 n - a scroll of fog {!r}
 p - 3 scrolls of noise {!r}
 q - a scroll of blinking {!r}
 s - 2 scrolls of acquirement {!r}
 t - a scroll of enchant armour {!r}
 v - a scroll of torment {!r}
 w - 2 scrolls of magic mapping {!r}
 B - 2 scrolls of amnesia {!r}
 F - a scroll of vulnerability {!r}
Miscellaneous
 D - a crystal ball of energy


   Skills:
 - Level 5.0 Fighting
 - Level 5.3 Dodging
 - Level 1.5 Stealth
 + Level 10.8 Spellcasting
 * Level 10.8 Conjurations
 * Level 10.9 Ice Magic
 - Level 3.0 Evocations


You had 2 spell levels left.
You knew the following spells:

 Your Spells              Type           Power        Failure   Level  Hunger
a - Throw Icicle          Conj/Ice       #####...     1%          4    N/A
b - Summon Ice Beast      Ice/Summ       ####....     8%          4    N/A
c - Sticky Flame          Conj/Fire      ####....     2%          4    N/A
d - Lightning Bolt        Conj/Air       ####......   6%          5    N/A
e - Freeze                Ice            ####         1%          1    N/A
q - Freezing Cloud        Conj/Ice/Air   #####.....   16%         6    N/A
w - Mephitic Cloud        Conj/Pois/Air  ###.....     1%          3    N/A
z - Ozocubu's Armour      Chrm/Ice       ####....     2%          3    N/A

Your spell library contained the following spells:

 Spells                   Type           Power        Failure   Level  Hunger
 Throw Frost              Conj/Ice       #####.       1%          2    N/A
 Animate Skeleton         Necr           N/A          8%          1    N/A
 Pain                     Necr           #...         8%          1    N/A
 Vampiric Draining        Necr           #.........   22%         3    N/A
 Animate Dead             Necr           N/A          58%         4    N/A
 Regeneration             Chrm/Necr      Unusable     N/A         3    N/A

Dungeon Overview and Level Annotations

Branches:
Dungeon (12/15)            Temple (1/1) D:4            Lair (0/6) D:11
    Orc (2/2) D:12            Elf (0/3) Orc:2

Altars:
Ashenzari
Cheibriados
Dithmenos
Elyvilon
Fedhas
Gozag
Hepliaklqana
Kikubaaqudgha
Makhleb
Nemelex Xobeh
Okawaru
Qazlal
Ru
Sif Muna
Trog
Uskayaw
Vehumet
Wu Jian
Xom
Yredelemnul
Zin
The Shining One
Beogh

Shops:
D:11 *   Orc:1 [

Annotations:
D:3 dig/pw
D:9 Fannar


Innate Abilities, Weirdness & Mutations

You do not eat or drink.
Your flesh is vulnerable to fire.
You are immune to poison.
Your flesh is cold resistant. (rC+)
You are immune to negative energy. (rN+++)
You are immune to unholy pain and torment.
You can survive without breathing.


Message History

Press: ? - help, Shift-Dir - straight line, f/p - orc warlord
Aim: an orc warlord, wielding an arbalest and wearing a plate armour (freezing The shard of ice misses the orc warlord.
The orc warlord is engulfed in freezing vapours.
The orc warlord shoots a bolt.
The bolt is repelled.
Unknown command.
Casting: Throw Icicle (safe; 1% risk of failure)
Confirm with . or Enter, or press ? or * to list all spells.
Aiming: Throw Icicle (safe; 1% risk of failure)
Press: ? - help, Shift-Dir - straight line, f/p - orc warlord
Aim: an orc warlord, wielding an arbalest and wearing a plate armour (freezing The shard of ice hits the orc warlord.
The orc warlord is heavily wounded.
The orc warlord is engulfed in freezing vapours.
Unknown command.
Press: ? - help, v - describe, . - travel
Here: an orc warlord, wielding an arbalest and wearing a plate armour (freezing The floor.
Unknown command.
Evoke which item? (* to show all) (? for menu, Esc to quit)
Aiming: Paralyse
Press: ? - help, Shift-Dir - straight line, f/p - orc warlord
Aim: an orc warlord, wielding an arbalest and wearing a plate armour (freezing The orc warlord resists with almost no effort.
The orc warlord is engulfed in freezing vapours.
The orc warlord shoots a bolt.
The bolt hits you!!
* * * LOW HITPOINT WARNING * * *
Evoke which item? (* to show all) (? for menu, Esc to quit)
Aiming: Paralyse
Press: ? - help, Shift-Dir - straight line, f/p - orc warlord
Aim: an orc warlord, wielding an arbalest and wearing a plate armour (freezing The orc warlord resists with almost no effort.
The orc warlord is engulfed in freezing vapours.
The orc warlord shoots a bolt.
The bolt hits you!
* * * LOW HITPOINT WARNING * * *
Unknown command.
Casting: Throw Icicle (safe; 1% risk of failure)
Confirm with . or Enter, or press ? or * to list all spells.
Aiming: Throw Icicle (safe; 1% risk of failure)
Press: ? - help, Shift-Dir - straight line, f/p - orc warlord
Aim: an orc warlord, wielding an arbalest and wearing a plate armour (freezing The shard of ice hits the orc warlord.
The orc warlord is almost dead.
Unknown command.
Evoke which item? (* to show all) (? for menu, Esc to quit)
Okay, then.
Evoke which item? (* to show all) (? for menu, Esc to quit)
Okay, then.
Evoke which item? (* to show all) (? for menu, Esc to quit)
Aiming: Paralyse
Press: ? - help, Shift-Dir - straight line, f/p - orc warlord
Aim: an orc warlord, wielding an arbalest and wearing a plate armour (freezing The orc warlord resists with almost no effort.
The orc warlord is engulfed in freezing vapours.
The orc warlord shoots a bolt.
The bolt hits you!
* * * LOW HITPOINT WARNING * * *
Evoke which item? (* to show all) (? for menu, Esc to quit)
Aiming: Paralyse
Press: ? - help, Shift-Dir - straight line, f/p - orc warlord
Aim: an orc warlord, wielding an arbalest and wearing a plate armour (freezing The orc warlord resists with almost no effort.
The orc warlord is engulfed in freezing vapours.
The orc warlord shoots a bolt.
The bolt hits you!!
You die...

#########
#.##...## #
#..#####. ##
#........
.#############
#########
.............###
..##########...##
.## ###..## .# #
##((# #### .#
#.@# #.8##'###
##§# '.....o..
#.# (.....)8. #§#
')..).... #o#
#.8##'### ##§#
#### .# #o§# .#
##..# .## ###..##


You could see an orc warlord and an orc.

Vanquished Creatures
  Erolcha (D:10)
  Harold (D:10)
  An ogre mage (D:12)
  2 two-headed ogres
  An orc high priest (Orc:2)
  4 skeletal warriors
  Pikel (D:6)
  3 orc knights (Orc:2)
  4 orc sorcerers
  3 manticores
  3 cyclopes
  Maurice (D:9)
  5 trolls
  6 hippogriffs
  A shadow (D:11)
  A vampire (D:12)
  2 wyverns (D:12)
  6 yaks
  4 vampire mosquitoes (D:12)
  2 hungry ghosts (D:12)
  2 wargs
  A soldier ant (D:12)
  2 two-headed ogre zombies (D:12)
  2 water moccasins
  20 orc warriors
  Duvessa (D:5)
  2 ice beasts
  A sky beast (D:9)
  A black bear (D:12)
  2 phantoms
  7 ogres
  6 centaurs
  Blork the orc (D:5)
  A big kobold (D:10)
  4 bullfrogs
  Dowan (D:5)
  3 scorpions
  A troll zombie (D:12)
  7 wights
  A bullfrog zombie (D:5)
  7 crimson imps
  2 centaur skeletons
  2 centaur zombies
  2 bullfrog skeletons
  31 orc wizards
  10 hounds
  3 jellies
  18 orc priests
  An iron imp (D:6)
  Jessica (D:3)
  2 iguanas
  10 worker ants
  2 killer bee zombies
  5 ogre zombies (D:12)
  2 hound zombies
  2 hound skeletons
  A worker ant zombie (D:6)
  14 adders
  A river rat (D:3)
  5 shadow imps
  5 oozes
  An adder skeleton (D:5)
  A worm (D:3)
  3 dart slugs
  4 leopard geckos
  75 orcs
  4 ball pythons
  9 giant cockroaches
  4 goblins
  11 hobgoblins
  9 jackals
  2 quokkas
  6 bats
  5 frilled lizards
  A goblin skeleton (D:12)
  3 goblin zombies (D:12)
  4 hobgoblin zombies (D:12)
  7 kobolds
  3 orc skeletons (D:12)
  14 orc zombies (D:12)
  A quokka skeleton (D:9)
  A quokka zombie (D:8)
  9 rats
  A butterfly (D:4)
422 creatures vanquished.

Vanquished Creatures (others)
  An orc high priest (Orc:2)
  A troll (Orc:2)
  2 orc warriors (Orc:2)
  2 slaves (D:6)
  A wight (D:6)
  A howler monkey (D:6)
  An orc priest (Orc:2)
  An orc wizard (Orc:2)
  A worm (D:6)
  7 orcs (Orc:2)
18 creatures vanquished.

Grand Total: 440 creatures vanquished

Notes
Turn   | Place    | Note
-------+----------+-------------------------------------------
     0 | D:1      | Amnesiac the Mummy Ice Elementalist began the quest for the
                  | Orb.
     0 | D:1      | Reached XP level 1. HP: 13/13 MP: 4/4
    87 | D:3      | Reached XP level 2. HP: 16/19 MP: 0/5
   277 | D:4      | Found a glowing golden altar of the Shining One.
   280 | D:4      | Found a burning altar of Makhleb.
   283 | D:4      | Found a hazy altar of Hepliaklqana.
   286 | D:4      | Found an iron altar of Okawaru.
   299 | D:3      | Noticed an ice beast
   335 | D:3      | Reached XP level 3. HP: 7/24 MP: 2/7
   463 | D:5      | Entered Level 5 of the Dungeon
   492 | D:4      | Found a staircase to the Ecumenical Temple.
   496 | Temple   | Entered the Ecumenical Temple
   528 | Temple   | Became a worshipper of Vehumet
   675 | D:3      | Found a basalt altar of Yredelemnul.
  1099 | D:1      | Reached XP level 4. HP: 17/30 MP: 1/9
  1292 | D:1      | Reached * piety under Vehumet
  1292 | D:1      | Offered knowledge of Flame Tongue by Vehumet.
  1698 | D:2      | Found an opulent altar of Gozag.
  2172 | D:3      | Reached XP level 5. HP: 35/35 MP: 11/11
  2220 | D:3      | Noticed Jessica
  2238 | D:3      | Killed Jessica
  2612 | D:3      | Killed an ice beast
  2612 | D:3      | Reached XP level 6. HP: 31/41 MP: 13/13
  2663 | D:4      | Learned a level 4 spell: Throw Icicle
  2668 | D:4      | Learned a level 4 spell: Summon Ice Beast
  2701 | D:4      | Noticed an ice beast
  2706 | D:4      | Reached skill level 5 in Spellcasting
  2706 | D:4      | Reached skill level 5 in Ice Magic
  2721 | D:4      | Killed an ice beast
  3691 | D:5      | Reached XP level 7. HP: 46/46 MP: 15/15
  3803 | D:5      | Noticed Blork the orc
  3858 | D:5      | Killed Blork the orc
  4230 | D:5      | Reached ** piety under Vehumet
  4235 | D:5      | Offered knowledge of Magic Dart by Vehumet.
  4240 | D:5      | Reached XP level 8. HP: 50/52 MP: 18/18
  4332 | D:5      | Found a deep blue altar of Sif Muna.
  4336 | D:5      | Noticed Duvessa
  4336 | D:5      | Noticed Dowan
  4346 | D:5      | Killed Duvessa
  4346 | D:5      | Reached skill level 1 in Conjurations
  4351 | D:5      | Killed Dowan
  4895 | D:6      | Offered knowledge of Ignite Poison by Vehumet.
  4916 | D:6      | Noticed an angel
  4917 | D:6      | Found a glowing silver altar of Zin.
  4917 | D:6      | Found a shimmering altar of Xom.
  5235 | D:6      | Found a sparkling altar of Nemelex Xobeh.
  5287 | D:6      | Noticed Pikel
  5315 | D:6      | Reached *** piety under Vehumet
  5319 | D:6      | Killed Pikel
  5319 | D:6      | Reached skill level 5 in Conjurations
  5319 | D:6      | Reached XP level 9. HP: 39/57 MP: 19/19
  5629 | D:6      | Found a snail-covered altar of Cheibriados.
  5752 | D:6      | Learned a level 3 spell: Ozocubu's Armour
  5758 | D:7      | Offered knowledge of Mephitic Cloud by Vehumet.
  5764 | D:7      | Learned a level 3 spell: Mephitic Cloud
  6628 | D:8      | Found an ornate altar of the Wu Jian Council.
  6944 | D:9      | Reached skill level 1 in Fighting
  6965 | D:9      | Noticed Maurice
  7064 | D:9      | Killed Maurice
  7284 | D:9      | Reached **** piety under Vehumet
  7421 | D:9      | Noticed a two-headed ogre
  7435 | D:9      | Killed a two-headed ogre
  7435 | D:9      | Reached XP level 10. HP: 68/68 MP: 5/21
  7599 | D:9      | Offered knowledge of Lightning Bolt by Vehumet.
  7720 | D:9      | Found an ancient bone altar of Kikubaaqudgha.
  7791 | D:10     | Entered Level 10 of the Dungeon
  7807 | D:10     | Noticed Harold
  7824 | D:10     | Killed Harold
  8002 | D:10     | Noticed Fannar
  8039 | D:10     | Noticed Erolcha
  8208 | D:10     | Killed Erolcha
  8731 | D:11     | Noticed a cyclops
  8736 | D:11     | Killed a cyclops
  9015 | D:11     | Found Jyrhur's General Store.
  9126 | D:11     | Found a staircase to the Lair.
  9140 | D:11     | Learned a level 5 spell: Lightning Bolt
  9196 | D:11     | Noticed a skeletal warrior
  9196 | D:11     | Noticed a skeletal warrior
  9234 | D:11     | Killed a skeletal warrior
  9234 | D:11     | Reached XP level 11. HP: 77/77 MP: 5/23
  9399 | D:11     | Noticed a skeletal warrior
  9416 | D:11     | Noticed a skeletal warrior
  9424 | D:11     | Killed a skeletal warrior
  9494 | D:10     | Killed a skeletal warrior
 10044 | D:11     | Killed a skeletal warrior
 10519 | D:12     | Reached ***** piety under Vehumet
 10605 | D:12     | Offered knowledge of Yara's Violent Unravelling by Vehumet.
 11108 | D:11     | HP: 3/77 [manticore (5)]
 11450 | D:11     | Reached skill level 5 in Dodging
 12144 | D:12     | Found a staircase to the Orcish Mines.
 12193 | D:12     | Reached skill level 5 in Fighting
 12877 | D:12     | Noticed a two-headed ogre
 12888 | D:12     | Reached XP level 12. HP: 83/86 MP: 7/25
 12933 | D:12     | Killed a two-headed ogre
 12933 | D:12     | Reached skill level 1 in Evocations
 12935 | D:12     | Reached skill level 10 in Ice Magic
 12939 | D:12     | Offered knowledge of Sticky Flame by Vehumet.
 13130 | D:12     | Noticed an ogre mage
 13137 | D:12     | Reached skill level 10 in Conjurations
 13154 | D:12     | Killed an ogre mage
 13154 | D:12     | Reached skill level 10 in Spellcasting
 13497 | Orc:1    | Entered Level 1 of the Orcish Mines
 13784 | Orc:1    | Found Ubittokh's Antique Armour Shop.
 13990 | Orc:1    | Bought a pair of embroidered boots for 232 gold pieces
 14630 | Orc:2    | Entered Level 2 of the Orcish Mines
 14742 | Orc:2    | Found a flickering gateway to a bazaar.
 14747 | Bazaar   | Entered a bazaar
 14747 | Bazaar   | Found Yblatuqo's General Store.
 14747 | Bazaar   | Found Qotrak's Weapon Shoppe.
 14747 | Bazaar   | Found Bukler's General Store.
 14749 | Bazaar   | Found Pinanum's Antique Armour Emporium.
 14749 | Bazaar   | Found Zeusch's Antique Weapon Shop.
 14773 | Bazaar   | Bought a pair of embroidered gloves for 135 gold pieces
 14784 | Bazaar   | Bought a runed robe for 66 gold pieces
 14784 | Bazaar   | Bought a runed cloak for 135 gold pieces
 14804 | Bazaar   | Bought 2 scrolls of acquirement for 936 gold pieces
 15144 | Orc:1    | Learned a level 4 spell: Sticky Flame
 15156 | Orc:2    | Noticed an orc high priest
 15261 | Orc:2    | Killed an orc high priest
 15283 | Orc:2    | Paralysed by an orc sorcerer for 6 turns
 15428 | Orc:2    | Found a roughly hewn altar of Beogh.
 16548 | Orc:2    | Found a roughly hewn altar of Beogh.
 16585 | Orc:2    | Found a staircase to the Elven Halls.
 16695 | Orc:2    | Found a roughly hewn altar of Beogh.
 16752 | Orc:2    | Offered knowledge of Freezing Cloud by Vehumet.
 17193 | Orc:2    | Learned a level 6 spell: Freezing Cloud
 17234 | Orc:2    | Noticed an orc high priest
 17242 | Orc:2    | Killed an orc high priest
 17390 | Orc:2    | Paralysed by an orc sorcerer for 2 turns
 17549 | Orc:2    | Noticed an orc warlord
 17592 | Orc:2    | Shot with a bolt by an orc warlord

Vault maps used:
D:1:      dpeg_arrival_simpleton_b, minmay_misc_feat_pillars,
          kennysheep_crisscross, serial_bayou_crossing
D:2:      nicolae_gozag_cash_rules_everything_around_me
D:3:      overflow_temple_1_default, portal_sewer_entry_a, due_unseen_surprise,
          uniq_jessica
D:4:      grunt_temple_overflow_cloverleaf, minmay_temple_entry_butterflies,
          first_ration, serial_bayou, serial_bayou_pond_a, serial_bayou_pond_b,
          serial_bayou_pond_a, minmay_misc_feat_room, chequers_big_river
D:5:      wad_lake_hut, kennysheep_little_box, hangedman_abyss_or_decor_passed,
          uniq_blork_the_orc, uniq_duvessa
D:6:      grunt_temple_overflow_order_and_chaos_1, slow_altar_2,
          lemuel_round_altar, uniq_pikel
D:8:      kennysheep_mini
D:9:      overflow_temple_1_default, uniq_maurice
D:10:     blue_anna_alchemist, uniq_harold, uniq_erolcha, uniq_fannar
D:11:     lair_entry_dummy, serial_shops, shop_coins, nicolae_zen_rock_garden
D:12:     cheibrodos_barr_body, zombieorc2_lemuel, serial_bayou_pond_b
Temple:   kb_temple_of_zot
Orc:1:    serial_shops, shop_statue
Orc:2:    grunt_orc_community_town_hall, grunt_orc_community_big_house_1,
          grunt_orc_community_big_house_2, grunt_orc_community_house_3,
          grunt_orc_community_house_3, grunt_orc_community_house_3,
          grunt_orc_community_house_2, grunt_orc_community_house_3,
          grunt_orc_community_house_3, serial_shops, freezing_bzr
Bazaar:   bazaar_minmay_generic_island

Skill      XL: |  1  2  3  4  5  6  7  8  9 10 11 12 |
---------------+-------------------------------------+-----
Ice Magic      | 3 4 5 6 7 8 9 10 | 10.9
Spellcasting   | 3 4 5 6 7 8 9 10 | 10.8
Conjurations   | 5 7 8 9 10 | 10.8
Fighting       | 2 4 5 |  5.0
Dodging        | 2 3 5 |  5.3
Evocations     | 3 |  3.0
Stealth        | |  1.5

Action                   |  1- 3 |  4- 6 |  7- 9 | 10-12 || total
-------------------------+-------+-------+-------+-------++-------
Melee: Spear             |     1 |       |       |       ||     1
       Whip              |    35 |    33 |    12 |       ||    80
       Glaive            |       |       |   158 |   185 ||   343
       Staff             |       |       |       |     2 ||     2
 Cast: Freeze            |    54 |    98 |   156 |    52 ||   360
       Throw Icicle      |       |       |    19 |   451 ||   470
       Summon Ice Beast  |       |       |     3 |       ||     3
       Mephitic Cloud    |       |       |     1 |     7 ||     8
       Lightning Bolt    |       |       |       |    31 ||    31
       Ozocubu's Armour  |       |       |       |     2 ||     2
       Freezing Cloud    |       |       |       |     2 ||     2
 Abil: Evoke Invisibilit |       |       |       |     1 ||     1
Evoke: Wand              |       |       |       |    29 ||    29
  Use: Scroll            |     4 |     1 |     4 |     4 ||    13
 Stab: Sleeping          |     1 |     1 |     4 |       ||     6
       Paralysed         |       |       |       |     6 ||     6
       Confused          |       |       |       |     2 ||     2
Armor: Robe              |    17 |       |    49 |    31 ||    97
       Acid dragon scale |     2 |    46 |    95 |       ||   143
       Ring mail         |       |       |       |   141 ||   141
Dodge: Dodged            |    80 |    85 |   238 |   363 ||   766
       Deflected         |       |       |       |    17 ||    17

Table legend:
 A = Non-vault XP
 B = Vault XP
 C = Vault XP percentage of total XP
 D = Non-vault monster count
 E = Vault monster count
 F = Vault count percentage of total count
                 A         B        C        D         E       F
            +---------+---------+-------+---------+---------+-------
      Total |   22057 |   13679 |  38.3 |     312 |     109 |  25.9
            +---------+---------+-------+---------+---------+-------
        D:1 |      50 |       0 |   0.0 |      21 |       0 |   0.0
        D:2 |      82 |       0 |   0.0 |      26 |       0 |   0.0
        D:3 |     205 |      66 |  24.4 |      17 |       5 |  22.7
        D:4 |     116 |     129 |  52.7 |      12 |       1 |   7.7
        D:5 |     977 |     316 |  24.4 |      31 |       3 |   8.8
        D:6 |     603 |     627 |  51.0 |      20 |       2 |   9.1
        D:7 |     302 |       0 |   0.0 |       6 |       0 |   0.0
        D:8 |     233 |       0 |   0.0 |       6 |       0 |   0.0
        D:9 |    2463 |     503 |  17.0 |      24 |       1 |   4.0
       D:10 |    1382 |    2082 |  60.1 |      14 |       3 |  17.6
       D:11 |    5381 |      79 |   1.4 |      31 |       2 |   6.1
       D:12 |    4937 |    5538 |  52.9 |      33 |      51 |  60.7
      Orc:1 |    2954 |       0 |   0.0 |      33 |       0 |   0.0
      Orc:2 |    2372 |    4339 |  64.7 |      38 |      41 |  51.9
            +---------+---------+-------+---------+---------+-------
